AoeStats
← killinserotonin

MegaRandom

513088515Analyzed
2v2 RM · 5d ago on Oct 12, 2026· 25m 12s· 4 players
Game mode
Random Map
Map size
Medium (4 player)
Population
200
Speed
Normal
Resources
Standard
Victory
Conquest
Starting age
Dark Age
Ending age
Imperial Age
RankedLock teamsTeams togetherTeam positionsShared explorationLock speedFull tech treeHidden civsTurbo modeCheats
Victory
Defeat
🇺🇸 Portuguese · United States
1211
+15
🇳🇿 Japanese · New Zealand
1128
+18
vs
🇲🇽 Huns · Mexico
1196
-17
🇺🇸 Poles · United States
1171
-16
killinserotonin
11:51 Feudal Age
10:09 Loom
12:31 Double-Bit Axe
14:33 Horse Collar
21:42 Bloodlines
24:28 Castle Age
23:13 Scale Barding Armor
22:59 Fletching
23:43 Forging
24:35 Padded Archer Armor
24:34 Light Cavalry
25:15 Husbandry
24:38 Elite Skirmisher
(JP) JR
8:31 Loom
11:12 Feudal Age
13:36 Bloodlines
15:26 Fishing Lines
16:31 Town Watch
21:54 Castle Age
21:57 Elite Skirmisher
22:42 Thumb Ring
Quack Y Attack
5:11 Loom
11:58 Feudal Age
13:00 Double-Bit Axe
13:47 Horse Collar
19:46 Castle Age
18:37 Fletching
19:56 Crossbowman
20:34 Bodkin Arrow
23:02 Bow Saw
Bongo12
7:09 Loom
11:25 Feudal Age
12:25 Double-Bit Axe
18:19 Castle Age
19:31 Bow Saw
Connection lost

Rejoining the realm…

Still unreachable

The connection could not be restored.

Session expired

The server has moved on; the page needs a fresh start.